 Dungeon Crawl Stone Soup version 0.19.1-1-g22dce08 (webtiles) character file.

5427 JeffiDaFish the Blocker (level 10, -7/64 HPs)
             Began as a Gargoyle Fighter on Jan 1, 2017.
             Was a Believer of Makhleb.
             Mangled by Snorg (11 damage)
             ... on level 10 of the Dungeon on Jan 2, 2017.
             The game lasted 00:17:51 (7148 turns).

JeffiDaFish the Blocker (Gargoyle Fighter)          Turns: 7148, Time: 00:17:52

Health: -7/64      AC: 36    Str: 21    XL:     10   Next: 67%
Magic:  24/24      EV: 10    Int:  9    God:    Makhleb [**....]
Gold:   450        SH: 12    Dex: 18    Spells: 1 memorised, 15 levels left

rFire  . . .     SeeInvis +     d - +2 flail (protect)
rCold  . . .     Gourm    .     e - +2 plate armour
rNeg   + . .     Faith    .     c - +0 shield
rPois  ∞         Spirit   .     (no helmet)
rElec  +         Reflect  .     l - +0 cloak
rCorr  .         Harm     .     m - +2 pair of gloves
MR     +....     Rnd*Rage +     r - +0 pair of boots
Stlth  ..........               v - amulet of regeneration
                                p - ring of magical power
                                o - ring of see invisible

@: agile, protection aura
A: agile 1, berserk 1, magic resistance 1, negative energy resistance 1,
electricity resistance, unbreathing, petrification resistance, rot immunity, AC
+7
a: Minor Destruction, Renounce Religion


You were on level 10 of the Dungeon.
You worshipped Makhleb.
Makhleb was pleased with you.
You were not hungry.

You visited 2 branches of the dungeon, and saw 11 of its levels.

You collected 570 gold pieces.
You spent 120 gold pieces at shops.

Inventory:

Hand Weapons
 d - a +2 flail of protection (weapon)
Armour
 c - a +0 shield (worn)
 e - a +2 plate armour (worn)
 l - a +0 cloak (worn)
 m - a +2 pair of gloves (worn)
 r - a +0 pair of boots (worn)
Jewellery
 o - a ring of see invisible (left hand)
 p - a ring of magical power (right hand)
 v - an amulet of regeneration (around neck)
Scrolls
 a - 4 scrolls of remove curse
 g - 3 scrolls of identify
 k - 5 scrolls of teleportation
 n - 2 scrolls of fog
 q - 3 scrolls of amnesia
 u - a scroll of blinking
Potions
 t - 2 potions of flight
Comestibles
 b - 3 royal jellies
 f - 10 bread rations
 h - 5 meat rations
 j - 11 chunks of flesh


   Skills:
 * Level 8.1 Fighting
 * Level 7.3 Maces & Flails
 * Level 8.6 Armour
 * Level 8.6 Shields
 + Level 3.9 Spellcasting
 + Level 5.1 Conjurations


You had 15 spell levels left.
You knew the following spells:

 Your Spells              Type           Power        Failure   Level  Hunger
a - Magic Dart            Conj           ##..         96%         1    #......


Dungeon Overview and Level Annotations

Branches:
Dungeon (10/15)            Temple (1/1) D:5
   Lair: D:8-11         Orc: D:9-12

Altars:
Ashenzari
Cheibriados
Elyvilon
Fedhas
Gozag
Hepliaklqana
Kikubaaqudgha
Makhleb
Nemelex Xobeh
Okawaru
Qazlal
Ru
Sif Muna
Trog
Yredelemnul
Zin
The Shining One

Shops:
D:9 ?   D:10 [

Annotations:
D:10 Snorg


Innate Abilities, Weirdness & Mutations

You are resistant to torment.
Your stone body is resilient. (AC +7)
You are immune to poison.
You resist negative energy. (rN+)
You are resistant to electric shocks. (rElec)
You can survive without breathing.
You are immune to petrification.
You are immune to rotting.
You are agile. (Dex +2)
You tend to lose your temper in combat.
You are resistant to hostile enchantments. (MR+)


Message History

You barely miss Snorg.
Snorg is heavily wounded.
You block Snorg's attack. x3; Snorg bites you!
* * * LOW HITPOINT WARNING * * *
Snorg closely misses you. Snorg claws you but does no damage.
You sock Snorg!
Your weapon exudes an aura of protection.
Snorg is heavily wounded.
You block Snorg's attack. Snorg claws you but does no damage.
Snorg barely misses you. Snorg misses you. You block Snorg's attack.
Snorg claws you but does no damage.
You thump Snorg!
Snorg is heavily wounded.
You block Snorg's attack. Snorg claws you but does no damage.
You block Snorg's attack.
You barely miss Snorg.
Snorg is heavily wounded.
Snorg barely misses you. You block Snorg's attack. x2
Snorg barely misses you. Snorg claws you!
You die...

######## #......# .
#.####.######## ..
#.####........# ...
....##..#####.# .... .#
#.#.....# #.# ##.....
.. #.####.##
##.####...# ##.##
#......# #....@T...#
#...# ...#####
##.####...# #...# ##.#
#... ....## #...###
##.# #.## #..#
#####...... ...#
#.#####..###..........
##.#
......................
##.#
.#.##..#..###..........
...# .#.##..#..#
#####...).. #..#
#........# #...###


You could see Snorg (berserk).

Vanquished Creatures
  A troll (D:9)
  Grinder (D:4)
  A hippogriff (D:7)
  A spriggan (D:7)
  9 yaks (D:10)
  A wyvern (D:10)
  Edmund (D:4)
  An eye of draining (D:9)
  6 orc warriors
  A sky beast (D:7)
  An ogre (D:7)
  3 centaurs
  A big kobold (D:9)
  4 bullfrogs
  A wyvern zombie (D:7)
  5 scorpions
  5 killer bees (D:8)
  3 wights (D:8)
  4 howler monkeys (D:7)
  2 crimson imps
  2 hounds
  A bullfrog skeleton (D:8)
  4 orc priests
  2 centaur skeletons
  2 iguanas
  6 orc wizards
  7 worker ants
  A hound skeleton (D:6)
  A worker ant zombie (D:7)
  6 adders
  2 shadow imps
  An ooze (D:4)
  An adder skeleton (D:8)
  2 worms
  3 dart slugs
  5 leopard geckos
  39 orcs
  3 giant cockroaches
  4 goblins
  12 hobgoblins
  5 jackals
  11 kobolds
  5 quokkas
  2 ball pythons
  6 bats
  5 frilled lizards
  A leopard gecko skeleton (D:5)
  5 rats
196 creatures vanquished.

Notes
Turn   | Place    | Note
-------+----------+-------------------------------------------
     0 | D:1      | JeffiDaFish the Gargoyle Fighter began the quest for the Orb.
     0 | D:1      | Reached XP level 1. HP: 14/14 MP: 1/1
    38 | D:1      | Reached XP level 2. HP: 19/19 MP: 2/2
   564 | D:1      | Reached XP level 3. HP: 23/23 MP: 3/3
   795 | D:2      | Learned a level 1 spell: Magic Dart
  1324 | D:3      | Reached XP level 4. HP: 26/28 MP: 4/4
  2123 | D:4      | Noticed Grinder
  2131 | D:4      | Reached XP level 5. HP: 33/33 MP: 5/5
  2167 | D:4      | Paralysed by Grinder for 2 turns
  2178 | D:4      | Killed Grinder
  2178 | D:4      | Reached skill level 5 in Shields
  2178 | D:4      | Reached skill level 1 in Spellcasting
  2178 | D:4      | Reached skill level 1 in Conjurations
  2178 | D:4      | Reached XP level 6. HP: 13/39 MP: 7/7
  2537 | D:4      | Noticed Edmund
  2541 | D:4      | Reached XP level 7. HP: 41/44 MP: 8/8
  2556 | D:4      | Killed Edmund
  2556 | D:4      | Reached skill level 5 in Armour
  2791 | D:5      | Entered Level 5 of the Dungeon
  2881 | D:5      | Reached skill level 5 in Fighting
  2892 | D:5      | Found a staircase to the Ecumenical Temple.
  2898 | Temple   | Entered the Ecumenical Temple
  2907 | Temple   | Became a worshipper of Makhleb the Destroyer
  3100 | D:5      | Reached XP level 8. HP: 27/49 MP: 11/11
  3247 | D:5      | Found an opulent altar of Gozag.
  3907 | D:6      | Found a sparkling altar of Nemelex Xobeh.
  4142 | D:7      | Noticed a hippogriff
  4161 | D:7      | Killed a hippogriff
  4198 | D:7      | Reached * piety under Makhleb
  4219 | D:7      | Reached skill level 5 in Maces & Flails
  4562 | D:7      | Noticed a spriggan baker
  4629 | D:7      | Killed a spriggan baker
  4629 | D:7      | Reached XP level 9. HP: 16/55 MP: 13/13
  6103 | D:9      | Gained mutation: You tend to lose your temper in combat. [potion of mutation]
  6103 | D:9      | Gained mutation: You are resistant to hostile enchantments. (MR+) [potion of mutation]
  6103 | D:9      | Gained mutation: You are agile. (Dex +2) [potion of mutation]
  6269 | D:9      | Found Idijoss's Magic Scroll Boutique.
  6289 | D:9      | Bought a scroll of enchant weapon for 120 gold pieces
  6395 | D:9      | Noticed a troll
  6404 | D:9      | Killed a troll
  6544 | D:10     | Entered Level 10 of the Dungeon
  6560 | D:10     | Reached ** piety under Makhleb
  6560 | D:10     | Reached XP level 10. HP: 63/63 MP: 15/15
  6723 | D:10     | Found Busiu's Armour Shoppe.
  6814 | D:10     | Reached skill level 5 in Conjurations
  7126 | D:10     | Noticed Snorg
  7145 | D:10     | HP: 2/64 [Snorg (10)]
  7148 | D:10     | Mangled by Snorg

Skill      XL: |  1  2  3  4  5  6  7  8  9 10 |
---------------+-------------------------------+-----
Shields        | 4 5 6 7 8 |  8.6
Armour         | 4 5 6 7 8 |  8.6
Fighting       | 4 5 6 7 8 |  8.1
Maces & Flails | 3 4 5 6 7 |  7.3
Spellcasting   | 1 2 3 |  3.9
Conjurations   | 1 2 3 4 5 |  5.1

Action                   |  1- 3 |  4- 6 |  7- 9 | 10-12 || total
-------------------------+-------+-------+-------+-------++-------
Melee: Flail             |   148 |   209 |   726 |   230 ||  1313
  Use: Scroll            |     8 |     6 |     4 |     1 ||    19
       Potion            |     5 |     1 |     3 |     4 ||    13
  Eat: Chunk             |     1 |     5 |    13 |     3 ||    22
       Fruit             |       |       |     2 |       ||     2
Armor: Scale mail        |    11 |       |       |       ||    11
       Plate armour      |   119 |   177 |   576 |   139 ||  1011
Dodge: Dodged            |    31 |    38 |   127 |    50 ||   246
Block: Shield            |    91 |   123 |   439 |   157 ||   810
